ITL
CHATTANOOGA CHINPOKOMON @ AMARILLO ARCHDUKES
07/22/2030
 
TOP OF THE 1ST
Chattanooga Chinpokomon batting - Pitching for Amarillo Archdukes : LHP César Galván
Pitching: LHP César Galván
Batting: RHB Ben Barker 0-0: Ball
1-0: Foul Ball, location: 2F
1-1: Called Strike
1-2: Ball
2-2: Ground out 6-3 (Groundball, 6)
Batting: RHB Ricardo Salazar 0-0: Called Strike
0-1: Swinging Strike
0-2: Foul Ball, location: 2F
0-2: Ball
1-2: Ball
2-2: Foul Ball, location: 2F
2-2: SINGLE (Line Drive, 4M)
Batting: RHB Felipe Rego 0-0: Ball
1-0: Foul Ball, location: 2F
1-1: Called Strike
1-2: Foul Ball, location: 2F
1-2: Grounds into double play, 5-4-3 (Groundball, 5)
Top of the 1st over - 0 runs, 1 hit, 0 errors, 0 left on base; Chattanooga 0 - Amarillo 0
BOTTOM OF THE 1ST
Amarillo Archdukes batting - Pitching for Chattanooga Chinpokomon : LHP Alberto Galindo
Pitching: LHP Alberto Galindo
Batting: RHB Xie-li Fong 0-0: Ball
1-0: SINGLE (Groundball, 4MD)
Batting: RHB Eugenio Maldonado 0-0: Ball
1-0: Fly out, F7 (Flyball, 7LM)
Batting: RHB Jesús Ramos 0-0: Ball
1-0: Grounds into double play, 6-4-3 (Groundball, 6)
Bottom of the 1st over - 0 runs, 1 hit, 0 errors, 0 left on base; Chattanooga 0 - Amarillo 0
TOP OF THE 2ND
Chattanooga Chinpokomon batting - Pitching for Amarillo Archdukes : LHP César Galván
Batting: RHB Tom Hicks 0-0: Fly out, F9 (Flyball, 9D)
Batting: LHB Ramiro Muńóz 0-0: Foul Ball, location: 2F
0-1: Ball
1-1: Fly out, F4 (Popup, 4)
Batting: RHB Jesús Tisnado 0-0: Foul Ball, location: 2F
0-1: Foul Ball, location: 2F
0-2: Strikes out looking
Top of the 2nd over - 0 runs, 0 hits, 0 errors, 0 left on base; Chattanooga 0 - Amarillo 0
BOTTOM OF THE 2ND
Amarillo Archdukes batting - Pitching for Chattanooga Chinpokomon : LHP Alberto Galindo
Batting: RHB Fernando Castellanos 0-0: Fly out, F2 (Popup, 13S)
Batting: RHB Herb Bunch 0-0: Swinging Strike
0-1: Foul Ball, location: 2F
0-2: Ball
1-2: Ground out 5-3 (Groundball, 56)
Batting: RHB Nelson Castro 0-0: Foul Ball, location: 2F
0-1: Ball
1-1: Swinging Strike
1-2: Foul Ball, location: 2F
1-2: Ball
2-2: DOUBLE (Line Drive, 3D)
Batting: RHB Rich Henley 0-0: Ground out 1-3 (Groundball, P)
Bottom of the 2nd over - 0 runs, 1 hit, 0 errors, 1 left on base; Chattanooga 0 - Amarillo 0
TOP OF THE 3RD
Chattanooga Chinpokomon batting - Pitching for Amarillo Archdukes : LHP César Galván
Batting: RHB Jorge Mora 0-0: Foul Ball, location: 2F
0-1: Ball
1-1: Swinging Strike
1-2: Strikes out swinging
Batting: RHB Ichizo Akiyama 0-0: Fly out, F7 (Flyball, 7S)
Batting: RHB Chris Jones 0-0: Ball
1-0: Swinging Strike
1-1: Called Strike
1-2: Strikes out swinging
Top of the 3rd over - 0 runs, 0 hits, 0 errors, 0 left on base; Chattanooga 0 - Amarillo 0
BOTTOM OF THE 3RD
Amarillo Archdukes batting - Pitching for Chattanooga Chinpokomon : LHP Alberto Galindo
Batting: LHB José Martínez 0-0: Foul Ball, location: 2F
0-1: Fly out, F7 (Flyball, 7D)
Batting: LHB António Chávez 0-0: Ball
1-0: Foul Ball, location: 2F
1-1: Called Strike
1-2: Ball
2-2: Ball
3-2: Foul Ball, location: 2F
3-2: Foul Ball, location: 2F
3-2: Base on Balls
Batting: RHB Xie-li Fong 0-0: Ball
1-0: Foul Ball, location: 2F
1-1: Ball
2-1: Ball
3-1: Base on Balls
António Chávez to second
Batting: RHB Eugenio Maldonado 0-0: Swinging Strike
0-1: Ground out 5-3 (Groundball, 56S)
António Chávez to third
Xie-li Fong to second
Batting: RHB Jesús Ramos 0-0: Called Strike
0-1: SINGLE (Groundball, 4M) (infield hit)
António Chávez scores
Xie-li Fong to third
Batting: RHB Fernando Castellanos 0-0: Called Strike
Jesús Ramos is caught stealing 2nd base
Bottom of the 3rd over - 1 run, 1 hit, 0 errors, 1 left on base; Chattanooga 0 - Amarillo 1
TOP OF THE 4TH
Chattanooga Chinpokomon batting - Pitching for Amarillo Archdukes : LHP César Galván
Batting: RHB Ben Barker 0-0: Swinging Strike
0-1: Ball
1-1: Called Strike
1-2: Foul Ball, location: 2F
1-2: Strikes out looking
Batting: RHB Ricardo Salazar 0-0: Called Strike
0-1: Foul Ball, location: 2F
0-2: Ball
1-2: Strikes out swinging, 2-3 out at first.
Batting: RHB Felipe Rego 0-0: Ball
1-0: SINGLE (Flyball, 7)
Batting: RHB Tom Hicks 0-0: Foul Ball, location: 2F
0-1: Foul Ball, location: 2F
0-2: Foul Ball, location: 2F
0-2: Ball
1-2: SINGLE (Flyball, 89S)
Felipe Rego to second
Runner from 2nd tries for 3rd, SAFE, no throw
Batting: LHB Ramiro Muńóz 0-0: Ball
1-0: Swinging Strike
1-1: Ball
2-1: SINGLE (Groundball, 56D)
Felipe Rego scores
Tom Hicks to second
Batting: RHB Jesús Tisnado 0-0: Ball
1-0: Ball
2-0: SINGLE (Groundball, 6MD)
Tom Hicks to third
Ramiro Muńóz to second
Runner from 3rd tries for Home, SAFE, no throw
Batting: RHB Jorge Mora 0-0: Called Strike
0-1: Ball
1-1: Foul Ball, location: 2F
1-2: SINGLE (Line Drive, 89S)
Ramiro Muńóz to third
Jesús Tisnado to second
Runner from 3rd tries for Home, SAFE, throw made home
Batting: RHB Ichizo Akiyama 0-0: Ball
1-0: Ball
2-0: Ball
3-0: Base on Balls
Jesús Tisnado to third
Jorge Mora to second
Batting: RHB Chris Jones 0-0: Ball
1-0: Called Strike
1-1: Swinging Strike
1-2: Ball
2-2: Fielders Choice at 2nd, 5-4 (Groundball, 5)
Top of the 4th over - 3 runs, 5 hits, 0 errors, 3 left on base; Chattanooga 3 - Amarillo 1
BOTTOM OF THE 4TH
Amarillo Archdukes batting - Pitching for Chattanooga Chinpokomon : LHP Alberto Galindo
Batting: RHB Fernando Castellanos 0-0: Foul Ball, location: 2F
0-1: SINGLE (Groundball, 6MD)
Batting: RHB Herb Bunch 0-0: Called Strike
0-1: Swinging Strike
0-2: Ball
1-2: Strikes out swinging
Batting: RHB Nelson Castro 0-0: Ball
1-0: Ball
2-0: Ball
3-0: Called Strike
3-1: Called Strike
3-2: Base on Balls
Fernando Castellanos to second
Batting: RHB Rich Henley 0-0: Ball
1-0: Foul Ball, location: 2F
1-1: Foul Ball, location: 2F
1-2: Ball
2-2: Ground out 6-3 (Groundball, 6MS)
Fernando Castellanos to third
Nelson Castro to second
Batting: LHB José Martínez 0-0: Called Strike
0-1: Foul Ball, location: 2F
0-2: Fly out, F4 (Line Drive, 4M)
Bottom of the 4th over - 0 runs, 1 hit, 0 errors, 2 left on base; Chattanooga 3 - Amarillo 1
TOP OF THE 5TH
Chattanooga Chinpokomon batting - Pitching for Amarillo Archdukes : LHP César Galván
Batting: RHB Ben Barker 0-0: Called Strike
0-1: Ball
1-1: Called Strike
1-2: Ball
2-2: Ball
3-2: Base on Balls
Batting: RHB Ricardo Salazar 0-0: Called Strike
Ben Barker steals 2nd base
0-1: Called Strike
0-2: Strikes out looking
Batting: RHB Felipe Rego 0-0: Fly out, F9 (Flyball, 9S)
Batting: RHB Tom Hicks 0-0: Fly out, F7 (Flyball, 7D)
Top of the 5th over - 0 runs, 0 hits, 0 errors, 1 left on base; Chattanooga 3 - Amarillo 1
BOTTOM OF THE 5TH
Amarillo Archdukes batting - Pitching for Chattanooga Chinpokomon : LHP Alberto Galindo
Batting: LHB António Chávez 0-0: Ball
1-0: Foul Ball, location: 2F
1-1: Ball
2-1: Foul Ball, location: 2F
2-2: SINGLE (Groundball, 4MD)
Batting: RHB Xie-li Fong 0-0: Called Strike
0-1: Ball
1-1: Ball
2-1: Fly out, F8 (Flyball, 8RS)
Batting: RHB Eugenio Maldonado 0-0: Called Strike
0-1: Ball
1-1: Foul Ball, location: 2F
1-2: Strikes out swinging
Batting: RHB Jesús Ramos 0-0: Fielders Choice at 2nd, 5-4 (Groundball, 5L)
Bottom of the 5th over - 0 runs, 1 hit, 0 errors, 1 left on base; Chattanooga 3 - Amarillo 1
TOP OF THE 6TH
Chattanooga Chinpokomon batting - Pitching for Amarillo Archdukes : LHP César Galván
Batting: LHB Ramiro Muńóz 0-0: Foul Ball, location: 2F
0-1: Ball
1-1: Swinging Strike
1-2: Ground out 4-3 (Groundball, 4)
Batting: RHB Jesús Tisnado 0-0: Ball
1-0: Ball
2-0: Ball
3-0: Base on Balls
Pitching: RHP Ignacio Beltrán
Batting: RHB Jorge Mora 0-0: Swinging Strike
0-1: Foul Ball, location: 2F
0-2: Foul Ball, location: 2F
0-2: Ball
1-2: Ball
2-2: Strikes out swinging
Batting: RHB Ichizo Akiyama Pickoff Throw to First - Out!
Top of the 6th over - 0 runs, 0 hits, 0 errors, 0 left on base; Chattanooga 3 - Amarillo 1
BOTTOM OF THE 6TH
Amarillo Archdukes batting - Pitching for Chattanooga Chinpokomon : LHP Alberto Galindo
Batting: RHB Fernando Castellanos 0-0: Foul Ball, location: 2F
0-1: Called Strike
0-2: Ball
1-2: Ball
2-2: Ball
3-2: Base on Balls
Batting: RHB Herb Bunch 0-0: Ball
1-0: 2-RUN HOME RUN (Flyball, 7LD), Distance : 328 ft
Batting: RHB Nelson Castro 0-0: Called Strike
0-1: Foul Ball, location: 2F
0-2: Ball
1-2: Ball
2-2: SINGLE (Line Drive, 6D)
Pitching: RHP Claudio Ramírez
Batting: RHB Rich Henley 0-0: Ball
1-0: Ball
2-0: Foul Ball, location: 2F
2-1: Foul Ball, location: 2F
2-2: Ball
3-2: Base on Balls
Nelson Castro to second
Batting: LHB José Martínez 0-0: Ball
Nelson Castro steals 3rd base
Rich Henley to second
1-0: Ball
2-0: Ball
3-0: Base on Balls
Batting: LHB António Chávez 0-0: Foul Ball, location: 2F
0-1: Ball
1-1: SINGLE (Flyball, 56D)
Nelson Castro scores
Rich Henley to third
José Martínez to second
Runner from 3rd tries for Home, SAFE, no throw
Batting: RHB Xie-li Fong 0-0: Called Strike
0-1: Foul Ball, location: 2F
0-2: Ball
1-2: Ground out U3 (Groundball, 34S)
José Martínez to third
António Chávez to second
Batting: RHB Eugenio Maldonado 0-0: Ball
1-0: Called Strike
1-1: Swinging Strike
1-2: SINGLE (Groundball, 56D)
José Martínez scores
António Chávez to third
Batting: RHB Jesús Ramos 0-0: Foul Ball, location: 2F
0-1: Ball
1-1: Foul Ball, location: 2F
1-2: Strikes out swinging
Batting: RHB Fernando Castellanos 0-0: Ball
1-0: Called Strike
1-1: Ball
2-1: Ball
3-1: SINGLE (Groundball, 6MD)
António Chávez scores
Eugenio Maldonado to second
Runner from 2nd tries for 3rd, SAFE, no throw
Pitching: RHP Charles Palmeiro
Batting: RHB Herb Bunch 0-0: SINGLE (Line Drive, 4M)
Eugenio Maldonado scores
Fernando Castellanos to second
Batting: RHB Nelson Castro 0-0: SINGLE (Line Drive, 8RS)
Fernando Castellanos to third
Herb Bunch to second
Batting: RHB Rich Henley 0-0: Ball
1-0: Ball
2-0: SINGLE (Line Drive, 6M)
Fernando Castellanos scores
Herb Bunch to third
Nelson Castro to second
Runner from 3rd tries for Home, SAFE, no throw
Batting: LHB José Martínez 0-0: Ball
1-0: Called Strike
1-1: Called Strike
1-2: Ball
2-2: Ball
3-2: Foul Ball, location: 2F
3-2: Base on Balls
Nelson Castro to third
Rich Henley to second
Batting: LHB António Chávez 0-0: Ball
1-0: Foul Ball, location: 2F
1-1: Foul Ball, location: 2F
1-2: Ball
2-2: Fly out, F6 (Popup, 6)
Bottom of the 6th over - 9 runs, 8 hits, 0 errors, 3 left on base; Chattanooga 3 - Amarillo 10
TOP OF THE 7TH
Chattanooga Chinpokomon batting - Pitching for Amarillo Archdukes : RHP Ignacio Beltrán
Batting: RHB Ichizo Akiyama 0-0: Ball
1-0: Ball
2-0: Swinging Strike
2-1: Ball
3-1: Foul Ball, location: 2F
3-2: Base on Balls
Batting: RHB Chris Jones 0-0: Ball
1-0: Called Strike
1-1: Ball
2-1: Swinging Strike
2-2: Ball
3-2: Foul Ball, location: 2F
3-2: Foul Ball, location: 2F
3-2: Foul Ball, location: 2F
3-2: Strikes out swinging
Ichizo Akiyama is caught stealing 2nd base
Batter strikes out.
Batting: RHB Ben Barker 0-0: Foul Ball, location: 2F
0-1: Ball
1-1: Swinging Strike
1-2: Strikes out looking
Top of the 7th over - 0 runs, 0 hits, 0 errors, 0 left on base; Chattanooga 3 - Amarillo 10
BOTTOM OF THE 7TH
Amarillo Archdukes batting - Pitching for Chattanooga Chinpokomon : RHP Charles Palmeiro
Batting: RHB Xie-li Fong 0-0: SINGLE (Line Drive, 3)
Batting: RHB Eugenio Maldonado 0-0: Called Strike
0-1: Ball
1-1: Foul Ball, location: 2F
1-2: Foul Ball, location: 2F
1-2: Foul Ball, location: 2F
1-2: Fly out, F3 (Popup, 3F)
Batting: RHB Jesús Ramos 0-0: Called Strike
0-1: Called Strike
0-2: Ball
1-2: Foul Ball, location: 2F
1-2: Strikes out swinging
Batting: RHB Fernando Castellanos 0-0: Called Strike
0-1: Ball
1-1: Foul Ball, location: 2F
1-2: Strikes out looking
Bottom of the 7th over - 0 runs, 1 hit, 0 errors, 1 left on base; Chattanooga 3 - Amarillo 10
TOP OF THE 8TH
Chattanooga Chinpokomon batting - Pitching for Amarillo Archdukes : RHP Ignacio Beltrán
Now at 1B: Jeff Chambers
Batting: RHB Ricardo Salazar 0-0: Ball
1-0: Ball
2-0: Swinging Strike
2-1: Foul Ball, location: 2F
2-2: Ball
3-2: Strikes out looking
Batting: RHB Felipe Rego 0-0: Ball
1-0: SINGLE (Groundball, 6MD)
Batting: RHB Tom Hicks 0-0: Foul Ball, location: 2F
0-1: Called Strike
0-2: Ball
1-2: Strikes out looking
Batting: LHB Ramiro Muńóz 0-0: Ball
1-0: Ball
2-0: DOUBLE (Flyball, 89XD)
Felipe Rego to third
Batting: RHB Jesús Tisnado 0-0: Ball
1-0: Called Strike
1-1: Swinging Strike
1-2: Strikes out swinging
Top of the 8th over - 0 runs, 2 hits, 0 errors, 2 left on base; Chattanooga 3 - Amarillo 10
BOTTOM OF THE 8TH
Amarillo Archdukes batting - Pitching for Chattanooga Chinpokomon : RHP Charles Palmeiro
Batting: RHB Herb Bunch 0-0: SINGLE (Flyball, 7S)
Batting: RHB Nelson Castro 0-0: Called Strike
0-1: Ground out 5-3 (Groundball, 56S)
Herb Bunch to second
Batting: RHB Rich Henley 0-0: Reached via error on a dropped throw, E3
Herb Bunch to third
Batting: LHB José Martínez Pickoff Throw to First - Out!
0-0: Called Strike
0-1: Swinging Strike
0-2: Ball
1-2: Ball
2-2: Ball
3-2: Base on Balls
Batting: LHB António Chávez 0-0: Foul Ball, location: 2F
0-1: Foul Ball, location: 2F
0-2: Ball
1-2: Fly out, F9 (Flyball, 9D)
Bottom of the 8th over - 0 runs, 1 hit, 1 error, 2 left on base; Chattanooga 3 - Amarillo 10
TOP OF THE 9TH
Chattanooga Chinpokomon batting - Pitching for Amarillo Archdukes : RHP Ignacio Beltrán
Batting: RHB Jorge Mora 0-0: Foul Ball, location: 2F
0-1: Foul Ball, location: 2F
0-2: Ball
1-2: Strikes out looking
Batting: RHB Ichizo Akiyama 0-0: Ball
1-0: Ground out 6-3 (Groundball, 6)
Batting: RHB Chris Jones 0-0: Called Strike
0-1: Foul Ball, location: 2F
0-2: Ball
1-2: SINGLE (Groundball, 6MD)
Batting: RHB Ben Barker 0-0: Ball
1-0: Ball
2-0: Ball
3-0: Foul Ball, location: 2F
3-1: Fly out, F8 (Flyball, 78D)
Top of the 9th over - 0 runs, 1 hit, 0 errors, 1 left on base; Chattanooga 3 - Amarillo 10
Saturday, April 7th, 2018 - OOTP Baseball 18.8 Build 76